 Dungeon Crawl Stone Soup version 0.17-a0-2064-g265a032 (webtiles) character file.

5210 Lysie the Nimble (level 10, -4/44 HPs)
             Began as a Spriggan Enchanter on Oct 13, 2015.
             Was an Elder of Okawaru.
             Hit by a tomahawk thrown by an orc warrior (12 damage)
             ... on level 4 of the Orcish Mines.
             The game lasted 00:30:55 (11262 turns).

Lysie the Nimble (Spriggan Enchanter)              Turns: 11262, Time: 00:30:55

Health: -4/44      AC:  4    Str:  6    XL:     10   Next: 35%
Magic:  17/18      EV: 36    Int: 17    God:    Okawaru [****..]
Gold:   1095       SH:  0    Dex: 18    Spells: 4 memorised, 10 levels left

rFire  . . .     SeeInvis +     l - +0 dagger (distort)
rCold  . . .     Clarity  .     b - +1 robe
rNeg   . . .     SustAt   .     (shield restricted)
rPois  .         Gourm    .     (helmet restricted)
rElec  .         Spirit   .     H - +0 cloak
rCorr  .         Warding  .     (gloves unavailable)
rMut   .         Stasis   .     (boots unavailable)
MR     ++...                    (no amulet)
Stlth  +++.......               v - ring of protection from magic
                                m - +5 ring of evasion

@: very quick, very resistant to hostile enchantments, fairly stealthy
A: unfitting armour, see invisible, herbivore 3, speed 3, slow metabolism 2
a: Heroism, Renounce Religion


You were on level 4 of the Orcish Mines.
You worshipped Okawaru.
Okawaru was greatly pleased with you.
You were hungry.

You visited 3 branches of the dungeon, and saw 14 of its levels.

You collected 1095 gold pieces.

Inventory:

Hand Weapons
 a - a +1 dagger
 e - a +1 dagger of venom
 l - a +0 dagger of distortion (weapon)
 y - a +3 dagger of freezing
 C - a +0 rapier
Armour
 b - a +1 robe (worn)
 F - a +2 buckler
 H - a +0 cloak (worn)
Jewellery
 g - an uncursed amulet of stasis
 m - a +5 ring of evasion (left hand)
 v - a ring of protection from magic (right hand)
 M - an uncursed ring of sustain attributes
Wands
 t - a wand of digging (13)
 u - a wand of digging (15)
 D - a wand of cold (6)
 I - a wand of confusion (24)
 J - a wand of cold (6)
Scrolls
 h - 2 scrolls of teleportation {unknown}
 i - a scroll of blinking {unknown}
 j - 5 scrolls of remove curse
 k - 2 scrolls of fog {unknown}
 p - a scroll of amnesia {unknown}
 q - 4 scrolls of recharging {unknown}
 s - 3 scrolls of enchant armour {unknown}
 w - 8 scrolls of identify
 x - 2 scrolls of random uselessness {unknown}
 A - a scroll of magic mapping {unknown}
 E - a scroll of enchant weapon {unknown}
 G - a scroll of vulnerability {unknown}
 L - a scroll of immolation {unknown}
Potions
 f - a potion of agility {unknown}
 n - a potion of flight {unknown}
 o - a potion of cancellation
 r - 4 potions of curing
Books
 c - a book of Maledictions

   Spells                             Type                      Level
   a - Corona                         Hexes                        1
   b - Ensorcelled Hibernation        Hexes/Ice                    2
   c - Confuse                        Hexes                        3
   d - Tukima's Dance                 Hexes                        3
   e - Dazzling Spray                 Conjuration/Hexes            3
 K - a book of Alchemy

   Spells                             Type                      Level
   a - Sublimation of Blood           Necromancy                   2
   b - Ignite Poison                  Fire/Transmutation/Poison    3
   c - Alistair's Intoxication        Transmutation/Poison         4
   d - Condensation Shield            Ice                          4
   e - Petrify                        Transmutation/Earth          4
   f - Irradiate                      Conjuration/Transmutation    5
Comestibles
 d - 7 bread rations
 z - 2 slices of pizza
 B - 3 royal jellies


   Skills:
 - Level 9.0 Short Blades
 - Level 14.7 Dodging
 - Level 4.4 Stealth
 + Level 5.2 Spellcasting
 * Level 8.4 Hexes


You had 10 spell levels left.
You knew the following spells:

 Your Spells              Type           Power        Failure   Level  Hunger
a - Corona                Hex            ####...      1%          1    None
b - Ensorcelled Hibernat  Hex/Ice        ###...       3%          2    #......
c - Dazzling Spray        Conj/Hex       ###.....     10%         3    ###....
d - Confuse               Hex            ####....     1%          3    ###....


Dungeon Overview and Level Annotations

Branches:
Dungeon (9/15)             Temple (1/1) D:4            Lair (0/8) D:8
    Orc (4/4) D:9             Elf (0/3) Orc:4

Altars:
Ashenzari
Cheibriados
Dithmenos
Elyvilon
Fedhas
Gozag
Kikubaaqudgha
Makhleb
Nemelex Xobeh
Okawaru
Qazlal
Ru
Sif Muna
Trog
Vehumet
Xom
Yredelemnul
Zin
The Shining One
Beogh

Shops:
D:5 :   D:7 [

Annotations:
Abyss:1 Joseph


Innate Abilities, Weirdness & Mutations

You are tiny and cannot use many weapons and most armour.
You have supernaturally acute eyesight.
You are a herbivore.
You cover ground extremely quickly.
You need consume almost no food.


Message History

You see here a tomahawk.
The orc warrior shouts!
The orc warrior throws a tomahawk.
The tomahawk closely misses you. The orc warrior closely misses you.
You completely miss the orc warrior. You closely miss the orc warrior.
You hit the orc warrior.
Space bends around the orc warrior.
The orc warrior is lightly wounded.
The orc warrior completely misses you.
The orc knight shouts!
You hit the orc warrior but do no damage.
The orc warrior is lightly wounded.
The orc warrior blinks!
The orc warrior hits you with a scimitar!!
* * * LOW HITPOINT WARNING * * *
The orc warrior completely misses you.
You see here a tomahawk.
The orc warrior throws a tomahawk.
The tomahawk misses you.
The orc warrior throws a tomahawk.
The tomahawk hits you!
You die...

.............#....## #........
...........#...))...# ##.......
.................)#..## #.#......
...............).[)...# ###......
................#....## #........
...............#....## ##........
...............#(..(# #.........
...................#####.....##..
..............(.@...#.......##...
..............(((.....[....##...#
..........).o........#......##.#.
.....o........#..##.###......#...
.....#..####..########.......#...
.....#.## #...# ##.)..#..<...#
8...8### ##.## #....#......##
..oo. ### ##.####..)..## ..oo. ##
## ##........


You could see an orc warrior.

Vanquished Creatures
  An orc knight (Orc:4)
  A spriggan (D:8)
  A wyvern (D:9)
  Edmund (D:4)
  A warg (Orc:1)
  2 phantoms
  3 ice beasts
  3 ogres
  3 orc warriors (Orc:4)
  The ghost of alpinistek the Magician, an amateur DsWn (D:3)
  2 centaurs
  4 giant frogs
  A scorpion (D:4)
  3 killer bees (D:9)
  2 wights (D:4)
  A vampire bat (D:3)
  2 giant frog zombies
  10 orc priests
  5 crimson imps
  2 giant frog skeletons
  3 hounds
  2 jellies
  An iguana (D:4)
  5 worker ants
  12 orc wizards
  A hound zombie (D:9)
  2 hound skeletons
  Robin (D:4)
  8 adders
  A shadow imp (D:8)
  An ooze (D:3)
  3 adder skeletons
  3 worms
  2 giant geckos
  85 orcs
  A ball python (D:3)
  16 bats
  6 hobgoblins
  7 jackals
  2 quokkas (D:9)
  4 giant cockroaches
  6 giant newts
  13 goblins
  4 kobolds
  2 quokka skeletons
  2 rats (D:8)
242 creatures vanquished.

Vanquished Creatures (others)
  A troll (Orc:4)
  An ice beast (D:9)
  2 orc warriors (Orc:4)
  A scorpion (D:6)
  A wight (D:4)
  A crimson imp (D:7)
  An orc priest (Orc:2)
  2 hounds
  3 orc wizards
  A worker ant (D:5)
  A worker ant zombie (D:8)
  4 adders
  A worm (D:4)
  3 orcs
  A ball python (D:5)
  A goblin (D:3)
  A hobgoblin (D:4)
26 creatures vanquished.

Grand Total: 268 creatures vanquished

Notes
Turn   | Place    | Note
--------------------------------------------------------------
     0 | D:1      | Lysie the Spriggan Enchanter began the quest for the Orb.
     0 | D:1      | Reached XP level 1. HP: 9/9 MP: 5/5
   639 | D:1      | Reached XP level 2. HP: 13/13 MP: 6/6
   658 | D:1      | Learned a level 2 spell: Ensorcelled Hibernation
  1233 | D:2      | Found a faded altar to an unknown god.
  1329 | D:2      | Found a radiant altar of Vehumet.
  1512 | D:2      | Reached XP level 3. HP: 16/16 MP: 8/8
  2229 | D:3      | Reached XP level 4. HP: 21/21 MP: 9/9
  2234 | D:3      | Learned a level 3 spell: Dazzling Spray
  2415 | D:3      | Found a stormy altar of Qazlal.
  2420 | D:3      | Reached skill level 5 in Dodging
  2492 | D:3      | Noticed alpinistek's ghost (amateur DsWn)
  2616 | D:3      | Reached XP level 5. HP: 20/24 MP: 5/10
  2630 | D:3      | Reached skill level 6 in Dodging
  2839 | D:3      | Killed alpinistek's ghost
  3021 | D:3      | Reached skill level 7 in Dodging
  3035 | D:3      | Reached XP level 6. HP: 24/28 MP: 11/11
  3114 | D:4      | Noticed Edmund
  3161 | D:4      | Noticed Robin
  3428 | D:4      | Found a staircase to the Ecumenical Temple.
  3465 | Temple   | Entered the Ecumenical Temple
  3473 | Temple   | Became a worshipper of Warmaster Okawaru
  3872 | D:4      | Reached skill level 8 in Dodging
  3874 | D:4      | Killed Robin
  3889 | D:4      | Reached skill level 5 in Short Blades
  4421 | D:4      | Reached XP level 7. HP: 30/32 MP: 12/12
  4449 | D:5      | Entered Level 5 of the Dungeon
  4640 | D:5      | Learned a level 3 spell: Confuse
  4656 | D:4      | Reached skill level 9 in Dodging
  4713 | D:4      | Killed Edmund
  4713 | D:4      | Reached * piety under Okawaru
  4753 | D:4      | Reached skill level 10 in Dodging
  4929 | D:5      | Found a deep blue altar of Sif Muna.
  5105 | D:5      | Found Xelaiwicw's Book Boutique.
  5375 | D:5      | Reached XP level 8. HP: 36/36 MP: 13/13
  5894 | D:6      | Reached skill level 11 in Dodging
  6154 | D:6      | Found a basalt altar of Yredelemnul.
  6448 | D:6      | Found a snail-covered altar of Cheibriados.
  6538 | D:6      | Reached ** piety under Okawaru
  6659 | D:7      | Found an opulent altar of Gozag.
  6810 | D:7      | Reached skill level 12 in Dodging
  6888 | D:7      | Found Muchy's Armour Shop.
  7074 | D:7      | Found a bloodstained altar of Trog.
  7419 | D:8      | Reached skill level 13 in Dodging
  7440 | D:8      | Reached XP level 9. HP: 26/39 MP: 10/14
  7466 | D:8      | Noticed Joseph
  8052 | D:8      | Banished Joseph
  8127 | D:8      | Found a staircase to the Lair.
  8162 | D:8      | Reached *** piety under Okawaru
  8279 | D:8      | Reached skill level 14 in Dodging
  8477 | D:9      | Found a staircase to the Orcish Mines.
  8621 | D:9      | Found an ancient bone altar of Kikubaaqudgha.
  8672 | D:9      | Found a roughly hewn altar of Beogh.
  9035 | D:9      | Found a blossoming altar of Fedhas.
  9122 | D:9      | Reached skill level 5 in Hexes
  9291 | Orc:1    | Entered Level 1 of the Orcish Mines
  9293 | Orc:1    | Reached **** piety under Okawaru
  9392 | Orc:2    | Found a burning altar of Makhleb.
  9418 | Orc:2    | Reached XP level 10. HP: 39/44 MP: 16/16
  9984 | Orc:4    | Entered Level 4 of the Orcish Mines
 10531 | Orc:4    | Noticed an orc high priest
 10532 | Orc:4    | Noticed an orc warlord
 10550 | Orc:4    | Noticed a rust devil
 10628 | Orc:4    | Noticed an orc knight
 10650 | Orc:4    | Killed an orc knight
 10650 | Orc:4    | Reached skill level 5 in Spellcasting
 11141 | Orc:4    | Found a staircase to the Elven Halls.
 11166 | Orc:4    | Noticed an orc sorcerer
 11229 | Orc:4    | Noticed an orc knight
 11262 | Orc:4    | Hit by a tomahawk thrown by an orc warrior

Vault maps used:
D:1:      tarquinn_simple_flora_water_f
D:2:      overflow_temple_1_default, ecumenical_altar_1
D:3:      first_bread, minmay_misc_feat_encased, roderic_batcave,
          nicolae_qazlal_general_emergency
D:4:      minmay_temple_entry_enclosed_plants, grunt_decor_cap, uniq_robin,
          uniq_edmund
D:5:      kennysheep_mini_moat, serial_shops, shop
D:6:      nicolae_overflow_crystal_walls, slow_altar_2
D:7:      lightli_temple_of_fire, serial_shops, shop, basic_altar
D:8:      due_lair_maze_entry_diamond, the_bakery, uniq_joseph
D:9:      overflow_temple_1_default, minmay_orc_entry_temple_small,
          fedhas_altar_2
Temple:   triangle_lava_temple_12
Orc:1:    serial_shops, shop, uniq_nergalle
Orc:2:    bloody_makhleb, uniq_harold
Orc:3:    nicolae_orc_pool_cavern, minmay_orc_temple_b
Orc:4:    grunt_orc_cross

Action                   |  1- 3 |  4- 6 |  7- 9 | 10-12 || total
-------------------------+-------+-------+-------+-------++-------
Melee: Dagger            |    83 |   176 |   545 |   153 ||   957
 Cast: Ensorcelled Hiber |     4 |     4 |     6 |     6 ||    20
       Dazzling Spray    |       |     7 |    20 |    19 ||    46
       Confuse           |       |       |     4 |       ||     4
  Use: Scroll            |       |     4 |     1 |       ||     5
       Potion            |       |     2 |       |     1 ||     3
 Stab: Sleeping          |     9 |     9 |    30 |     5 ||    53
       Distracted        |     1 |     2 |       |     1 ||     4
       Invisible         |       |     1 |     5 |     4 ||    10
  Eat: Fruit             |       |     3 |     6 |       ||     9
       Bread ration      |       |       |     1 |       ||     1
